 Dungeon Crawl Stone Soup version 0.18-a0-1748-g7377c14 (webtiles) character file.

1187 dobroeutro the Blocker (level 8, 0/50 HPs)
             Began as a Gargoyle Fighter on Apr 12, 2016.
             Killed from afar by an electric eel (1 damage)
             ... with a bolt of electricity
             ... on level 6 of the Dungeon.
             The game lasted 00:11:03 (4524 turns).

dobroeutro the Blocker (Gargoyle Fighter)           Turns: 4524, Time: 00:11:04

Health: 0/50       AC: 18    Str: 22    XL:     8   Next: 43%
Magic:  7/7        EV:  8    Int:  8    God:
Gold:   96         SH: 11    Dex: 10    Spells: 0 memorised, 7 levels left

rFire  . . .     SeeInvis .     a - +0 flail
rCold  . . .     Gourm    .     b - +0 scale mail
rNeg   + . .     Faith    .     c - +0 shield
rPois  ∞         Spirit   .     (helmet restricted)
rElec  +         Dismiss  .     i - +0 cloak
rCorr  .         Reflect  .     n - +0 pair of gloves
SustAt .         Harm     .     (no boots)
MR     ++...                    (no amulet)
Stlth  ..........               B - +3 ring of protection
                                m - ring of protection from magic

@: very resistant to hostile enchantments, extremely unstealthy
A: horns 1, talons 1, low mp 1, magic resistance 1, negative energy resistance
1, electricity resistance, unbreathing, petrification resistance, no device heal
1, rot immunity, AC +5
a: no special abilities


You were on level 6 of the Dungeon.
You were hungry.

You visited 1 branch of the dungeon, and saw 6 of its levels.

You collected 221 gold pieces.
You spent 125 gold pieces at shops.

Inventory:

Hand Weapons
 a - a +0 flail (weapon)
Armour
 b - a +0 scale mail (worn)
 c - a +0 shield (worn)
 i - a +0 cloak (worn)
 n - a +0 pair of gloves (worn)
Jewellery
 m - a ring of protection from magic (left hand)
 B - a +3 ring of protection (right hand)
Wands
 v - a wand of random effects (30/48)
Scrolls
 e - a scroll of fear {unknown}
 g - a scroll of magic mapping {unknown}
 j - 4 scrolls of identify {unknown}
 k - 3 scrolls of remove curse {unknown}
 q - 5 scrolls of teleportation {unknown}
 r - 3 scrolls of recharging {unknown}
 x - 2 scrolls of enchant armour {unknown}
 y - a scroll of blinking {unknown}
 F - a scroll of random uselessness {unknown}
 G - a scroll of enchant weapon {unknown}
Potions
 d - a potion of might
 h - a potion of flight {unknown}
 o - a potion of cancellation {unknown}
 p - a potion of invisibility {unknown}
 s - a potion of haste {unknown}
 u - a potion of heal wounds
 w - 2 potions of magic {unknown}
 z - a potion of berserk rage
 C - a potion of degeneration {unknown}
 D - a potion of brilliance {unknown}
 E - 2 potions of lignification {unknown}
Comestibles
 f - 8 bread rations
 l - a royal jelly
 t - 3 meat rations
 A - a slice of pizza


   Skills:
 + Level 5.4 Fighting
 + Level 4.3 Maces & Flails
 + Level 5.9 Armour
 - Level 0.2 Dodging
 + Level 8.0 Shields


You had 7 spell levels left.
You didn't know any spells.

Dungeon Overview and Level Annotations

Branches:
Dungeon (6/15)
 Temple: D:4-7

Altars:
Cheibriados
Elyvilon
Gozag
Nemelex Xobeh
Qazlal
Ru
Xom

Shops:
D:4 !


Innate Abilities, Weirdness & Mutations

You are resistant to torment.
Your stone body is resilient (AC +5).
You are immune to poison.
You resist negative energy.
You are resistant to electric shocks.
You can survive without breathing.
You are immune to petrification.
You are immune to rotting.
You have a pair of small horns on your head.
You have sharp toenails.
Your magical capacity is low (-10% MP).
You are resistant to hostile enchantments.
Potions and wands are less effective at restoring your health.


Message History

The bolt of electricity hits you! You resist.
* * * LOW HITPOINT WARNING * * *
The bolt of electricity hits you! You resist.
The electric eel shoots out a bolt of lightning at you!
The bolt of electricity hits you! You resist.
* * * LOW HITPOINT WARNING * * *
The bolt of electricity hits you! You resist.
* * * LOW HITPOINT WARNING * * *
Your unstable footing causes you to fumble your attack.
Your unstable footing causes you to fumble your attack.
The electric eel shoots out a bolt of lightning at you!
The bolt of electricity hits you! You resist.
* * * LOW HITPOINT WARNING * * *
The bolt of electricity hits you! You resist.
* * * LOW HITPOINT WARNING * * *
The electric eel shoots out a bolt of lightning at you!
The bolt of electricity hits you! You resist.
* * * LOW HITPOINT WARNING * * *
The bolt of electricity hits you! You resist.
You die...

#≈# #≈≈≈###.#
#.##### #≈...#...
#....###........
#....'.#..).....
#....'.'........
##....###........
##(#######....#...
#†## #≈##≈.###.#
##@≈# ##≈≈##≈≈.#≈≈≈
#≈≈≈##≈≈≈≈≈##≈≈≈≈≈≈
#≈;≈#≈≈≈≈≈≈≈##.#≈.≈
#≈≈≈#≈≈≈≈≈≈≈≈ #..#.
#≈≈≈≈≈≈≈≈≈≈≈≈ ## ##
#≈≈≈≈≈≈≈≈≈≈≈≈ #
#≈≈≈≈≈≈#.≈≈≈≈ #.
#≈≈≈≈≈≈# .≈≈≈ ##
#≈≈≈≈≈≈# .≈≈ #


You could see an electric eel.

Vanquished Creatures
  Eustachio (D:5)
  2 sky beasts
  2 ogres
  A howler monkey (D:4)
  3 electric eels (D:6)
  2 jellies
  A giant frog skeleton (D:4)
  An orc priest (D:5)
  2 iguanas (D:4)
  Ijyb (D:2)
  3 orc wizards
  A worker ant (D:5)
  Terence (D:2)
  A howler monkey zombie (D:5)
  3 gnolls (D:2)
  7 adders
  2 shadow imps
  An adder skeleton (D:4)
  A worm (D:3)
  3 dart slugs
  2 giant geckos
  23 orcs
  3 ball pythons
  10 bats
  2 giant cockroaches
  4 goblins
  9 hobgoblins
  3 jackals (D:3)
  6 kobolds
  2 quokkas
  7 giant newts
  16 rats
126 creatures vanquished.

Notes
Turn   | Place    | Note
--------------------------------------------------------------
     0 | D:1      | dobroeutro the Gargoyle Fighter began the quest for the Orb.
     0 | D:1      | Reached XP level 1. HP: 14/14 MP: 1/1
   198 | D:1      | Reached XP level 2. HP: 18/19 MP: 2/2
   595 | D:2      | Reached skill level 4 in Shields
   595 | D:2      | Reached XP level 3. HP: 15/24 MP: 3/3
   681 | D:2      | Reached XP level 4. HP: 7/29 MP: 4/4
   781 | D:2      | Found a white marble altar of Elyvilon.
   873 | D:2      | Found a shimmering altar of Xom.
   873 | D:2      | Found a snail-covered altar of Cheibriados.
   907 | D:2      | Noticed Terence
   923 | D:2      | Killed Terence
   995 | D:2      | Noticed Ijyb
  1009 | D:2      | Killed Ijyb
  1009 | D:2      | Reached XP level 5. HP: 26/33 MP: 5/5
  1236 | D:3      | Reached skill level 5 in Shields
  1456 | D:3      | Reached XP level 6. HP: 27/39 MP: 6/6
  1661 | D:3      | Found a sacrificial altar of Ru.
  1661 | D:3      | Found a stormy altar of Qazlal.
  1662 | D:3      | Found an opulent altar of Gozag.
  2250 | D:4      | Found Loghux's Distillery.
  2258 | D:4      | Bought a potion of heal wounds for 50 gold pieces
  2258 | D:4      | Bought a potion of mutation for 25 gold pieces
  2258 | D:4      | Bought a potion of heal wounds for 50 gold pieces
  2258 | D:4      | Gained mutation: Potions and wands are less effective at restoring your health. [potion of mutation]
  2258 | D:4      | Gained mutation: Your muscles are strong. (Str +2) [potion of mutation]
  2258 | D:4      | Gained mutation: Your magical capacity is low (-10% MP). [potion of mutation]
  2400 | D:4      | Reached skill level 6 in Shields
  2458 | D:4      | Reached XP level 7. HP: 14/44 MP: 6/6
  2774 | D:4      | Found a sparkling altar of Nemelex Xobeh.
  3236 | D:5      | Entered Level 5 of the Dungeon
  3330 | D:5      | Reached skill level 5 in Armour
  3366 | D:5      | Lost mutation: Your muscles are strong. (Str +2) [mutagenic meat]
  3582 | D:5      | Reached skill level 7 in Shields
  3859 | D:5      | Noticed Eustachio
  3875 | D:5      | Killed Eustachio
  3875 | D:5      | Reached skill level 5 in Fighting
  3875 | D:5      | Reached XP level 8. HP: 39/49 MP: 7/7
  3878 | D:5      | Gained mutation: You have sharp toenails. [potion of mutation]
  3878 | D:5      | Gained mutation: You have a pair of small horns on your head. [potion of mutation]
  3878 | D:5      | Gained mutation: You are resistant to hostile enchantments. [potion of mutation]
  4510 | D:6      | Reached skill level 8 in Shields
  4524 | D:6      | HP: 1/50 [electric eel/bolt of electricity (3)]
  4524 | D:6      | Killed from afar by an electric eel

Vault maps used:
D:1:      dpeg_arrival_arbitrary_b
D:2:      amethyst_overflow_temple_binary, old_standard_altar, first_bread,
          moated_statue, uniq_iyjb, uniq_terence
D:3:      gammafunk_temple_overflow_claw
D:4:      serial_shops, nicolae_shop_crystal, nemelex_xobeh_ov_fountains_minmay
D:5:      uniq_eustachio
D:6:      wad_lake_hut, fedhas_bush_and_centaur_altar, temple_pool_b

Skill      XL: |  1  2  3  4  5  6  7  8 |
---------------+-------------------------+-----
Shields        | 4 5 6 7 8 |  8.0
Fighting       | 4 5 |  5.4
Armour         | 4 5 |  5.9
Maces & Flails | 3 4 |  4.3
Dodging        | |  0.2

Action                   |  1- 3 |  4- 6 |  7- 9 || total
-------------------------+-------+-------+-------++-------
Melee: Flail             |   117 |   428 |   197 ||   742
       Kick              |       |       |    12 ||    12
       Headbutt          |       |       |     9 ||     9
  Use: Potion            |       |     1 |     2 ||     3
  Eat: Chunk             |       |     5 |     9 ||    14
Armor: Scale mail        |    79 |   314 |    88 ||   481
Dodge: Dodged            |    45 |   188 |    56 ||   289
Block: Shield            |    61 |   315 |    90 ||   466
